 Dungeon Crawl Stone Soup version 0.30-a0-702-gdf48620a09 (webtiles) character file.

Game seed: 9861446581267960052

525 drugrobin the Shooter (level 6, -3/50 HPs)
             Began as a Demigod Delver on Jan 22, 2023.
             Slain by a lemure (7 damage)
             ... led by Pikel
             ... on level 4 of the Dungeon.
             The game lasted 00:08:43 (2898 turns).

drugrobin the Shooter (Demigod Delver)              Turns: 2898, Time: 00:08:44

Health: -3/50      AC:  3    Str: 17    XL:     6   Next: 71%
Magic:  8/8        EV: 12    Int: 12    God:
Gold:   156        SH:  0    Dex: 19    Spells: 5/5 levels left

rFire   . . .      SeeInvis .    b - +0 triple crossbow
rCold   . . .      Faith    .    (shield currently unavailable)
rNeg    . . .      Spirit   .    a - +0 leather armour
rPois   +          Reflect  .    (no helmet)
rElec   .          Harm     .    (no cloak)
rCorr   .          Rampage  .    (no gloves)
Will    .....                    (no boots)
Stlth   +++                      (no amulet)
HPRegen 0.28/turn                j - ring of poison resistance
MPRegen 0.11/turn                (no ring)

@: no status effects
A: high MP 1, forlorn, divine attributes
a: no special abilities


You were on level 4 of the Dungeon.
You visited 1 branch of the dungeon, and saw 5 of its levels.

You collected 156 gold pieces.

Inventory:

Hand Weapons
 b - a +0 triple crossbow (weapon)
 c - a +2 short sword of electrocution
 d - a +4 scythe of venom
Armour
 a - a +0 leather armour (worn)
 n - a +0 chain mail
Magical Staves
 u - a staff of poison
Jewellery
 j - a ring of poison resistance (left hand)
 l - a ring of flight
Wands
 f - a wand of digging (5)
Scrolls
 g - a scroll of fog
 i - a scroll of poison {unknown}
 o - 5 scrolls of identify {unknown}
 p - 2 scrolls of teleportation {unknown}
 r - 2 scrolls of noise {unknown}
 s - a scroll of magic mapping
 v - a scroll of torment {unknown}
 w - a scroll of enchant armour {unknown}
 x - a scroll of amnesia {unknown}
Potions
 e - a potion of haste
 h - 2 potions of flight
 k - a potion of curing
 m - a potion of might {unknown}
 q - a potion of lignification {unknown}
 t - 3 potions of mutation {unknown}


   Skills:
 - Level 2.7 Fighting
 * Level 6.5 Ranged Weapons
 - Level 1.8 Dodging
 - Level 4.5 Stealth
 - Level 1.8 Unarmed Combat


You had 5 spell levels left.
You didn't know any spells.
Your spell library contained the following spells:

 Spells                   Type           Power      Damage    Failure   Level
 Magic Dart               Conj           0%         1d3       38%         1
 Call Imp                 Summ           0%         N/A       52%         2
 Mephitic Cloud           Conj/Pois/Air  0%         N/A       77%         3


Dungeon Overview and Level Annotations

Branches:
Dungeon (5/15)
 Temple: D:4-7

Annotations:
D:3 Pikel
D:5 exclusion: hound, Blork the orc


Innate Abilities, Weirdness & Mutations

You have an increased reservoir of magic. (+10% MP)
You shall have no god before yourself.
Your divine heritage dramatically boosts your attributes as you level up.


Message History

Aim: a lemure (severely wounded, 53% to hit)
You shoot a bolt. The bolt barely misses the lemure.
The lemure misses you. The lemure hits you.
* * * LOW HITPOINT WARNING * * *
Unknown command.
Fire: b) +0 triple crossbow
Press: ? - help, Q - select action Shift-Dir - straight line, f/p - lemure
Aim: a lemure (heavily wounded, 53% to hit)
You shoot a bolt. The bolt closely misses the lemure.
The lemure closely misses you. The lemure hits you.
* * * LOW HITPOINT WARNING * * *
Fire: b) +0 triple crossbow
Press: ? - help, Q - select action Shift-Dir - straight line, f/p - lemure
Aim: a lemure (heavily wounded, 53% to hit)
You shoot a bolt. The bolt hits the lemure.
The lemure is severely wounded.
The lemure barely misses you. x2
Fire: b) +0 triple crossbow
Press: ? - help, Q - select action Shift-Dir - straight line, f/p - lemure
Aim: a lemure (severely wounded, 53% to hit)
You shoot a bolt. The bolt closely misses the lemure.
The lemure misses you. The lemure hits you.
* * * LOW HITPOINT WARNING * * *
Fire: b) +0 triple crossbow
Press: ? - help, Q - select action Shift-Dir - straight line, f/p - lemure
Aim: a lemure (severely wounded, 53% to hit)
You shoot a bolt. The bolt closely misses the lemure.
The lemure barely misses you. The lemure hits you!
* * * LOW HITPOINT WARNING * * *
Fire: b) +0 triple crossbow
Press: ? - help, Q - select action Shift-Dir - straight line, f/p - lemure
Aim: a lemure (severely wounded, 53% to hit)
You shoot a bolt. The bolt closely misses the lemure.
The lemure barely misses you. x2
Fire: b) +0 triple crossbow
Press: ? - help, Q - select action Shift-Dir - straight line, f/p - lemure
Aim: a lemure (severely wounded, 53% to hit)
You shoot a bolt. The bolt closely misses the lemure.
The lemure hits you but does no damage. The lemure hits you!
You die...

.#.....###...........#..##.).
........##.###.......#.......
........... #...............
.......... #..)....##.......
.........## ##......# .##.
..........## #.......##....
...........####.............#
#.......)###.....#.....>.#
###....###))..5@#..##......#
#.......#..)....#..##......
##........................
..........##......#.##.#..##
..##......##......######...#
.. #.....##...#.##.....#<..#
. ...#.$.##...##...#......##
...###.##.........#..#.###
.##. ####..#.....#######


You could see a lemure.

Vanquished Creatures
  Sigmund (D:3)
  A phantom (D:4)
  A lemure (D:4)
  A hound (D:3)
  An orc priest (D:4)
  Jessica (D:3)
  Terence (D:2)
  2 orc wizards (D:4)
  5 adders
  A worm (D:5)
  3 dart slugs
  9 orcs
  4 ball pythons
  3 bats
  3 endoplasms
  5 giant cockroaches
  5 goblins
  9 hobgoblins
  4 jackals (D:2)
  4 kobolds
  4 quokkas
  4 frilled lizards
  4 rats
76 creatures vanquished.

Notes
Turn   | Place    | Note
-------+----------+-------------------------------------------
     0 | D:5      | drugrobin the Demigod Delver began the quest for the Orb.
     0 | D:5      | Reached XP level 1. HP: 18/18 MP: 3/3
     1 | D:5      | Noticed a hound
    33 | D:5      | Noticed Blork the orc
   102 | D:4      | Noticed a lemure
   102 | D:4      | Noticed Pikel
   109 | D:4      | Noticed a black bear
   168 | D:3      | Noticed a hound
   176 | D:3      | Killed a hound
   177 | D:3      | Reached skill level 2 in Ranged Weapons
   177 | D:3      | Reached XP level 2. HP: 8/25 MP: 4/4
   177 | D:3      | Reached XP level 3. HP: 9/30 MP: 5/5
   320 | D:3      | Noticed Jessica
   321 | D:3      | Killed Jessica
   322 | D:3      | Reached skill level 3 in Ranged Weapons
   567 | D:2      | Reached XP level 4. HP: 37/37 MP: 6/6
  1259 | D:2      | Reached skill level 4 in Ranged Weapons
  1946 | D:3      | Noticed Terence
  1949 | D:3      | Noticed Sigmund
  1953 | D:2      | Killed Terence
  1954 | D:2      | Reached XP level 5. HP: 26/42 MP: 7/7
  2255 | D:3      | Killed Sigmund
  2256 | D:3      | Reached skill level 5 in Ranged Weapons
  2256 | D:3      | Reached XP level 6. HP: 50/50 MP: 8/8
  2590 | D:4      | Reached skill level 6 in Ranged Weapons
  2896 | D:4      | HP: 2/50 [lemure[Pikel] (8)]
  2898 | D:4      | Slain by a lemure

Illustrated notes

Levels and vault maps discovered:
D:1:      saegor_arrival_simple_a, layout_loops_cross, minmay_misc_feat_cross
D:2:      layout_basic, shapermc_ecumenical_altar_acropolis, dk_noncrumbling_3
D:3:      layout_basic, lemuel_doored_altar, solitary_fountain, uniq_terence,
          uniq_sigmund, uniq_jessica
D:4:      layout_cave_pools, uniq_pikel
D:5:      layout_layer_cave, minmay_door_square, uniq_grinder,
          uniq_blork_the_orc, uniq_duvessa

Skill      XL: |  1  2  3  4  5  6 |
---------------+-------------------+-----
Ranged Weapons | 2 3 4 5 6 |  6.5
Fighting       | |  2.7
Dodging        | |  1.8
Stealth        | |  4.5
Unarmed Combat | |  1.8

Action                   |  1- 3 |  4- 6 || total
-------------------------+-------+-------++-------
Melee: Unarmed           |     5 |     7 ||    12
       Short sword       |       |    38 ||    38
 Fire: Triple crossbow   |    27 |    99 ||   126
  Use: Potion            |       |     3 ||     3
       Scroll            |       |     1 ||     1
Armor: Leather armour    |     8 |    24 ||    32
Dodge: Dodged            |    10 |    77 ||    87

Table legend: (Time is in decaauts)
 A = Elapsed time spent in this place.
 B = Non-inter-level travel time spent in this place.
 C = Inter-level travel time spent in this place.
 D = Time resting spent in this place.
 E = Time spent auto-exploring this place.
 F = Levels seen in this place.
 G = Mean time per level.
                   A        B        C        D        E       F      G
               +--------+--------+--------+--------+--------+-----+--------+
         Total |   3035 |   2841 |    194 |    366 |   1759 |   5 |  607.0 |
       Dungeon |   3035 |   2841 |    194 |    366 |   1759 |   5 |  607.0 |
               +--------+--------+--------+--------+--------+-----+--------+

Top non-repeatable levels by time:
     D:2: 1097 daAuts
     D:3: 762 daAuts
     D:1: 639 daAuts
     D:4: 432 daAuts
     D:5: 103 daAuts
